 Dungeon Crawl Stone Soup version 0.17.1-1-g73c8601 (webtiles) character file.

968 Implojin the Grappler (level 7, -7/66 HPs)
             Began as a Troll Fighter on Apr 4, 2016.
             Was an Initiate of Cheibriados.
             Mangled by a troll (8 damage)
             ... on level 6 of the Dungeon.
             The game lasted 00:04:35 (726 turns).

Implojin the Grappler (Troll Fighter)                Turns: 726, Time: 00:04:35

Health: -7/66      AC:  6    Str: 31    XL:     7   Next: 93%
Magic:  6/6        EV:  8    Int:  5    God:    Cheibriados [......]
Gold:   3          SH:  9    Dex: 12    Spells: 0 memorised, 6 levels left

rFire  . . .     SeeInvis .       - Unarmed
rCold  . . .     Clarity  .     g - +0 robe (curse)
rNeg   . . .     SustAt   .     b - +0 shield
rPois  .         Gourm    +     (helmet restricted)
rElec  .         Spirit   .     f - +0 cloak
rCorr  .         Warding  .     (gloves unavailable)
rMut   .         Stasis   .     (boots unavailable)
MR     .....                    (no amulet)
Stlth  +.........               (no ring)
                                (no ring)

@: mighty, very slow, not resistant to hostile enchantments, very unstealthy
A: unfitting armour, claws 3, fast metabolism 3, gourmand, regeneration 2,
shaggy fur 1, tough skin 2
a: Bend Time, Renounce Religion


You were on level 6 of the Dungeon.
You worshipped Cheibriados.
Cheibriados was noncommittal.
You were very full.

You visited 2 branches of the dungeon, and saw 7 of its levels.

You collected 3 gold pieces.

Inventory:

Armour
 b - a +0 shield (worn)
 f - a +0 cloak (worn)
 g - a cursed +0 robe (worn)
Wands
 h - a wand of hasting (2)
Scrolls
 j - a scroll of immolation
Potions
 e - a potion of curing {unknown}
 i - 2 potions of ambrosia {unknown}
Books
 a - a book of Minor Magic

   Spells                             Type                      Level
   a - Magic Dart                     Conjuration                  1
   b - Blink                          Translocation                2
   c - Call Imp                       Summoning                    2
   d - Repel Missiles                 Charms/Air                   2
   e - Slow                           Hexes                        2
   f - Conjure Flame                  Conjuration/Fire             3
   g - Mephitic Cloud                 Conjuration/Poison/Air       3
Comestibles
 d - 3 bread rations
 k - a beef jerky


   Skills:
 - Level 2.4 Fighting
 - Level 2.4 Dodging
 - Level 2.4 Shields
 * Level 9.4 Unarmed Combat


You had 6 spell levels left.
You didn't know any spells.

Dungeon Overview and Level Annotations

Branches:
Dungeon (6/15)             Temple (1/1) D:4

Altars:
Cheibriados
Dithmenos
Fedhas
Kikubaaqudgha
Nemelex Xobeh
Ru
Vehumet
Yredelemnul
The Shining One

Shops:
D:5 [


Innate Abilities, Weirdness & Mutations

You are too large for most types of armour.
You have claws for hands.
Your metabolism is lightning-fast.
You like to eat raw meat.
You heal very quickly.
You are covered in fur (AC +1).
You have very tough skin (AC +2).


Message History

Cheibriados appreciates the change of pace.
A troll comes into view.
The troll shouts!
Found a ring mail.
Found a stone staircase leading up.
A giant frog and a giant cockroach come into view.
You see here a ball python corpse.
The giant frog croaks.
Read which item? (? for menu, Esc to quit)
Okay, then.
Drink which item? (? for menu, Esc to quit)
You feel very mighty all of a sudden. The troll barely misses you.
The troll claws you but does no damage. You block the troll's attack.
Unknown command.
Unknown command.
Your shield prevents you from hitting the troll.
The troll bites you! The troll claws you!
The troll claws you but does no damage. The giant frog closely misses you.
You barely miss the troll. The giant frog closely misses you.
The troll bites you!
* * * LOW HITPOINT WARNING * * *
The troll claws you!
* * * LOW HITPOINT WARNING * * *
You block the troll's attack.
You mangle the troll!!
The troll is severely wounded.
You block the giant frog's attack.
The giant cockroach bites you but does no damage.
The troll bites you.
* * * LOW HITPOINT WARNING * * *
The troll barely misses you. The troll closely misses you.
The giant frog closely misses you.
You barely miss the troll.
The troll is severely wounded.
The giant frog hits you.
* * * LOW HITPOINT WARNING * * *
You block the giant cockroach's attack. The troll bites you!
* * * LOW HITPOINT WARNING * * *
The troll claws you!
You die...

#.#'# #.#_# .
###.#'# ..
#<#...#
#..####.#.###
........#.#
........#.###
......sT†...#
.[....F@#.#.#
........#.#.#
........#+# #
.........
...##+#.. ##
#... ....
.#...


You could see a troll, a giant frog and a giant cockroach.

Vanquished Creatures
  Pikel (D:5)
  The ghost of Implojin the Ruffian, an amateur TrFi of Okawaru (D:5)
  2 ogres
  2 slaves (D:5)
  A giant frog zombie (D:5)
  A crimson imp (D:4)
  An orc priest (D:5)
  Terence (D:3)
  2 worker ants
  An orc wizard (D:6)
  A hound skeleton (D:5)
  An adder (D:3)
  A shadow imp (D:5)
  An ooze (D:5)
  2 worms
  2 giant geckos
  4 orcs
  A ball python (D:6)
  2 hobgoblins
  A quokka (D:2)
  A bat (D:2)
  A giant cockroach (D:5)
  3 giant newts
  4 goblins
  3 rats (D:3)
41 creatures vanquished.

Vanquished Creatures (others)
  An orc (D:5)
1 creature vanquished.

Grand Total: 42 creatures vanquished

Notes
Turn   | Place    | Note
--------------------------------------------------------------
     0 | D:1      | Implojin the Troll Fighter began the quest for the Orb.
     0 | D:1      | Reached XP level 1. HP: 22/22 MP: 0/0
   158 | D:2      | Reached XP level 2. HP: 29/29 MP: 1/1
   204 | D:3      | Found a shadowy altar of Dithmenos.
   211 | D:3      | Noticed Terence
   220 | D:3      | Killed Terence
   220 | D:3      | Reached skill level 3 in Unarmed Combat
   220 | D:3      | Reached XP level 3. HP: 26/36 MP: 2/2
   240 | D:3      | Found a basalt altar of Yredelemnul.
   330 | D:3      | Reached skill level 4 in Unarmed Combat
   392 | D:4      | Noticed an ogre
   398 | D:4      | Found a staircase to the Ecumenical Temple.
   402 | Temple   | Entered the Ecumenical Temple
   444 | Temple   | Killed an ogre
   444 | Temple   | Reached skill level 5 in Unarmed Combat
   444 | Temple   | Reached XP level 4. HP: 29/44 MP: 3/3
   444 | Temple   | Reached XP level 5. HP: 32/50 MP: 4/4
   448 | Temple   | Became a worshipper of Cheibriados the Contemplative
   479 | D:4      | Noticed an ogre
   483 | D:4      | Killed an ogre
   483 | D:4      | Reached skill level 6 in Unarmed Combat
   512 | D:4      | Reached XP level 6. HP: 59/59 MP: 5/5
   549 | D:5      | Entered Level 5 of the Dungeon
   551 | D:5      | Found Fereudd's Armour Emporium.
   567 | D:5      | Noticed Implojin's ghost (amateur TrFi)
   591 | D:5      | Killed Implojin's ghost
   591 | D:5      | Reached skill level 7 in Unarmed Combat
   595 | D:5      | Noticed Pikel
   633 | D:5      | Killed Pikel
   633 | D:5      | Reached skill level 9 in Unarmed Combat
   633 | D:5      | Reached XP level 7. HP: 14/66 MP: 6/6
   710 | D:6      | Found a radiant altar of Vehumet.
   720 | D:6      | Noticed a troll
   726 | D:6      | HP: 1/66 [troll (11)]
   726 | D:6      | Mangled by a troll

Action                   |  1- 3 |  4- 6 |  7- 9 || total
-------------------------+-------+-------+-------++-------
Melee: Unarmed           |    69 |    68 |    15 ||   152
  Use: Scroll            |     2 |       |       ||     2
       Potion            |       |       |     1 ||     1
  Eat: Chunk             |     8 |       |     4 ||    12

Table legend:
 A = Turns spent in this place as a percentage of turns spent in the entire game.
 B = Non-inter-level travel turns spent in this place as a percentage of non-inter-level travel turns spent in the entire game.
 C = Inter-level travel turns spent in this place as a percentage of turns spent in this place.
 D = Turns resting spent in this place as a percentage of non-inter-level travel turns spent in this place.
 E = Turns spent auto-exploring this place as a percentage of non-inter-level travel turns spent in this place.
 F = Non-inter-level travel turns spent in this place divided by the number of levels of this place that you've seen.
                   A       B       C       D       E      F
               +-------+-------+-------+-------+-------+----------------------
         Total | 100.0 | 100.0 |   0.0 |   0.0 |   0.0 | 101.7
       Dungeon |  89.5 |  89.5 |   0.0 |   0.0 |   0.0 | 106.2
        Temple |  10.5 |  10.5 |   0.0 |   0.0 |   0.0 |  75.0
               +-------+-------+-------+-------+-------+----------------------

Table legend:
 A = Kills in this place as a percentage of kills in entire the game.
 B = Kills by you in this place as a percentage of kills by you in the entire game.
 C = Kills by friends in this place as a percentage of kills by friends in the entire game.
 D = Other kills in this place as a percentage of other kills in the entire game.
 E = Experience gained in this place as a percentage of experience gained in the entire game.
 F = Experience gained in this place divided by the number of levels of this place that you have seen.
                   A       B       C       D       E      F
               +-------+-------+-------+-------+-------+----------------------
         Total | 100.0 | 100.0 |  -nan |  -nan | 100.0 | 197.7
       Dungeon |  97.4 |  97.4 |  -nan |  -nan |  90.4 | 208.5
        Temple |   2.6 |   2.6 |  -nan |  -nan |   9.6 | 133.0
               +-------+-------+-------+-------+-------+----------------------
